 Dungeon Crawl Stone Soup version bcrawl-1.26 (webtiles) character file.

Game seed: 16005703017959601763

137277 pasperui the Ducker (level 3, -1/35 HPs)
             Began as a Gnoll Reaver on July 1, 2020.
             Was a Follower of Vehumet.
             Slain by a gnoll
             ... wielding a +0 whip
              (3 damage)
             ... on level 1 of the Dungeon.
             The game lasted 00:02:00 (711 turns).

pasperui the Ducker (Gnoll Reaver)                   Turns: 711, Time: 00:02:00

Health: -1/35      AC:  5    Str: 14    XL:     3   Next: 31%
Magic:  9/9        EV: 15    Int: 16    God:    Vehumet [*.....]
Gold:   66         SH:  1    Dex: 13    Spells: 11/12 levels left

rFire    . . .     SeeInvis .   a - +0 long sword
rCold    . . .     Gourm    .   (no shield)
rNeg     . . .     Faith    .   b - +0 steam dragon scales
rPois    .         Spirit   .   (no helmet)
rElec    .         Reflect  .   (no cloak)
rCorr    .         Harm     .   (no gloves)
MR       .....                  (no boots)
Stlth    ++........             (no amulet)
HPRegen  0.11/turn              (no ring)
MPRegen  0.11/turn              (no ring)

@: hasted, very quick
A: distributed training, fangs 1, strong nose
a: Renounce Religion


You were on level 1 of the Dungeon.
You worshipped Vehumet.
Vehumet was aware of your devotion.
You were not hungry.

You visited 1 branch of the dungeon, and saw 2 of its levels.

You collected 66 gold pieces.

Inventory:

Hand Weapons
 a - a +0 long sword (weapon)
Missiles
 h - 97 bolts
Armour
 b - +0 steam dragon scales (worn)
Scrolls
 d - 2 scrolls of immolation
 g - 2 scrolls of identify {unknown}
 j - a scroll of fear {unknown}
Potions
 c - 2 potions of haste
 f - 3 potions of curing {unknown}
 i - a potion of brilliance {unknown}
Comestibles
 e - 3 rations {!d}


   Skills:
 + Level 6.5 Fighting
 + Level 0.7 Short Blades
 + Level 6.5 Long Blades
 + Level 0.7 Axes
 + Level 0.7 Maces & Flails
 + Level 0.7 Polearms
 + Level 0.7 Staves
 + Level 0.7 Slings
 + Level 0.7 Bows
 + Level 0.7 Crossbows
 + Level 0.7 Throwing
 + Level 0.7 Armour
 + Level 6.5 Dodging
 + Level 0.7 Stealth
 + Level 0.7 Shields
 + Level 0.7 Unarmed Combat
 + Level 5.0 Spellcasting
 + Level 0.5 Conjurations
 + Level 0.5 Hexes
 + Level 0.5 Charms
 + Level 0.5 Summonings
 + Level 0.5 Necromancy
 + Level 0.5 Translocations
 + Level 0.5 Transmutations
 + Level 0.5 Fire Magic
 + Level 0.5 Ice Magic
 + Level 0.5 Air Magic
 + Level 0.5 Earth Magic
 + Level 0.5 Poison Magic
 + Level 0.9 Invocations
 + Level 0.7 Evocations


You had 11 spell levels left.
You knew the following spells:

 Your Spells              Type           Power        Failure   Level  Hunger
a - Flame Tongue          Conj/Fire      #....        3%          1    None

Your spell library contained the following spells:

 Spells                   Type           Power        Failure   Level  Hunger
 Iskenderun's Battlesphe  Conj/Chrm      #.......     61%         5    ######.


Dungeon Overview and Level Annotations

Branches:
Dungeon (2/12)

Altars:


Innate Abilities, Weirdness & Mutations

Your experience applies equally to all skills.
You have very sharp teeth.
Your uncanny sense of smell can sniff out nearby items.


Message History

Unknown command.
The gnoll barely misses you.
The gnoll hits you from afar with a +0 halberd.
You barely miss the gnoll. The gnoll barely misses you. The gnoll misses you.
The gnoll barely misses you. The gnoll hits you with a +0 whip!
Found a stone staircase leading up.
There is a stone staircase leading up here.
The gnoll barely misses you.
The gnoll hits you from afar with a +0 halberd!
* * * LOW HITPOINT WARNING * * *
You climb upwards.
There is a stone staircase leading down here.
Unknown command.
You feel yourself speed up. The gnoll barely misses you.
Unknown command.
You barely miss the gnoll. The gnoll hits you with a +0 whip.
* * * LOW HITPOINT WARNING * * *
You hit the gnoll but do no damage. The gnoll hits you with a +0 whip.
You die...

#### ########
#..#########......#
................@g#
####'#######'####.#
##.........## #.#
##...#####...#####
##.#.#.###.#.#.##
#.##.##.#.##.##.##
.###รท###.###.###.##
####.##.#.##.####.####
.......###.........'.#


You could see a gnoll.

Vanquished Creatures
  A worm (D:1)
  A dart slug (D:2)
  2 bats (D:1)
  6 giant cockroaches (D:1)
  4 goblins
  2 hobgoblins (D:2)
  4 kobolds (D:1)
  2 frilled lizards (D:2)
  4 rats (D:1)
26 creatures vanquished.

Notes
Turn   | Place    | Note
-------+----------+-------------------------------------------
     0 | D:1      | pasperui the Gnoll Reaver began the quest for the Orb.
     0 | D:1      | Reached XP level 1. HP: 23/23 MP: 6/6
    59 | D:1      | Reached XP level 2. HP: 20/29 MP: 7/7
   374 | D:1      | Reached XP level 3. HP: 35/35 MP: 9/9
   612 | D:2      | Reached skill level 5 in Spellcasting
   635 | D:2      | Reached * piety under Vehumet
   635 | D:2      | Offered knowledge of Flame Tongue by Vehumet.
   647 | D:2      | Learned a level 1 spell: Flame Tongue
   711 | D:1      | Slain by a gnoll

Skill      XL: |  1  2  3 |
---------------+----------+-----
Spellcasting   | 5 |  5.0
Fighting       | |  6.5
Short Blades   | |  0.7
Long Blades    | |  6.5
Axes           | |  0.7
Maces & Flails | |  0.7
Polearms       | |  0.7
Staves         | |  0.7
Slings         | |  0.7
Bows           | |  0.7
Crossbows      | |  0.7
Throwing       | |  0.7
Armour         | |  0.7
Dodging        | |  6.5
Stealth        | |  0.7
Shields        | |  0.7
Unarmed Combat | |  0.7
Conjurations   | |  0.5
Hexes          | |  0.5
Charms         | |  0.5
Summonings     | |  0.5
Necromancy     | |  0.5
Translocations | |  0.5
Transmutations | |  0.5
Fire Magic     | |  0.5
Ice Magic      | |  0.5
Air Magic      | |  0.5
Earth Magic    | |  0.5
Poison Magic   | |  0.5
Invocations    | |  0.9
Evocations     | |  0.7

Action                   || total
-------------------------++-------
Melee: Long sword        ||    86
       Bite              ||     8
       Punch             ||     1
  Use: Potion            ||     1
 Stab: Sleeping          ||     3
       Distracted        ||     1
Armor: Steam dragon scal ||    11
Dodge: Dodged            ||    53
Block: Other             ||     8
